 Dungeon Crawl Stone Soup version 0.29.0-11-gd7f09526c8 (webtiles) character file.

Game seed: 6802626211791035946

908 lightspider the Trooper (level 8, -2/65 HPs)
             Began as a Human Fighter on Sept 5, 2022.
             Was an Initiate of Makhleb.
             Succumbed to a gnoll's poison
             ... on level 5 of the Dungeon.
             The game lasted 00:17:10 (4738 turns).

lightspider the Trooper (Human Fighter)             Turns: 4738, Time: 00:17:11

Health: -2/65      AC:  7    Str: 20    XL:     8   Next: 29%
Magic:  8/8        EV:  9    Int:  8    God:    Makhleb [......]
Gold:   191        SH:  5    Dex: 12    Spells: 7/7 levels left

rFire   + + .      SeeInvis .   s - +9 mace "Qiadd" {vorpal, rF+ rC+}
rCold   + + .      Faith    .   c - +0 buckler
rNeg    . . .      Spirit   .   b - +0 scale mail
rPois   +          Reflect  .   (no helmet)
rElec   +          Harm     .   (no cloak)
rCorr   +          Rampage  .   (no gloves)
Will    .....                   (no boots)
Stlth   ..........              (no amulet)
HPRegen 0.20/turn               (no ring)
MPRegen 0.11/turn               (no ring)

@: lethally poisoned (-2 -> -27), about to teleport, resistant, studying Armour
A: no striking features
a: Renounce Religion


You were on level 5 of the Dungeon.
You worshipped Makhleb.
Makhleb was noncommittal.
You visited 2 branches of the dungeon, and saw 6 of its levels.

You collected 191 gold pieces.

Inventory:

Hand Weapons
 a - a +0 long sword
 n - a +0 hand axe of holy wrath
 p - a +0 great sword
 q - a +1 long sword of protection
 s - the +9 mace "Qiadd" (weapon) {vorpal, rF+ rC+}
   (You found it on level 2 of the Dungeon)

   It inflicts extra damage upon your enemies.
   rF:        It protects you from fire.
   rC:        It protects you from cold.
Armour
 b - a +0 scale mail (worn)
 c - a +0 buckler (worn)
 h - an orb of guile
Magical Staves
 g - a staff of air
Wands
 t - a wand of flame (20)
Scrolls
 i - 3 scrolls of identify
Potions
 d - a potion of might
 e - a potion of resistance
 f - a potion of lignification {unknown}
 j - a potion of flight {unknown}
 k - a potion of attraction
 m - a potion of haste {unknown}
 o - a potion of degeneration {unknown}
 r - a potion of curing {unknown}


   Skills:
 * Level 6.3 Fighting
 - Level 2.7 Long Blades
 + Level 3.3 Maces & Flails
 + Level 6.2 Armour
 + Level 4.7 Shields


You had 7 spell levels left.
You didn't know any spells.
Your spell library contained the following spells:

 Spells                   Type           Power      Damage    Failure   Level
 Freeze                   Ice            0%         1d3       83%         1
 Sublimation of Blood     Necr           0%         N/A       92%         2
 Wereblood                Tmut           0%         N/A       92%         2
 Frozen Ramparts          Ice            0%         1d1       99%         3
 Ozocubu's Armour         Ice            0%         N/A       99%         3
 Hailstorm                Conj/Ice       0%         3d3       100%        4
 Ozocubu's Refrigeration  Ice            0%         4d7       100%        7
 Summon Hydra             Summ           0%         N/A       100%        7


Dungeon Overview and Level Annotations

Branches:
Dungeon (5/15)             Temple (1/1) D:4

Altars:
Ashenzari
Dithmenos
Elyvilon
Hepliaklqana
Makhleb
Nemelex Xobeh
Okawaru
Qazlal
Vehumet
Yredelemnul
The Shining One
Lugonu

Shops:
D:4 =


Message History

Makhleb accepts your kill.
A gnoll comes into view. It is wielding a +0 halberd.
A gnoll comes into view. It is wielding a +2 halberd of venom.
The gnoll shouts!
The gnoll hits you from afar with a +0 halberd.
The gnoll moves out of view.
Things that are here:
a +0 whip; a gnoll corpse A gnoll comes into view.
It is wielding a +0 club.
The gnoll closely misses you. The gnoll barely misses you.
You barely miss the gnoll. You block the gnoll's attack.
The gnoll hits you from afar with a +2 halberd of venom.
You are poisoned.
The gnoll barely misses you. The gnoll closely misses you.
You thump the gnoll!
The gnoll is almost dead.
You feel very sick. The gnoll closely misses you.
The gnoll hits you from afar with a +2 halberd of venom!
You are more poisoned.
You closely miss the gnoll.
The gnoll is almost dead.
You feel very sick. You block the gnoll's attack.
The gnoll hits you from afar with a +2 halberd of venom!
You are lethally poisoned!
The gnoll attacks as you move away! The gnoll hits you with a +0 halberd.
* * * LOW HITPOINT WARNING * * *
You feel extremely sick. The gnoll closely misses you.
Things that are here:
a +0 whip; a gnoll corpse It was a potion of resistance.
You feel protected.
* * * LOW HITPOINT WARNING * * *
You feel extremely sick. You block the gnoll's attack.
As you read the scroll of teleportation, it crumbles to dust.
You feel strangely unstable.
You die...

# #........# #.#
###........# #.#
...........# #.# #
...#####'#.# #.#######.#
...#####.#.###.#.......# ##
.........#.#...#.#####.#..#
...####..#.#.###.##.......#.
...####....#......gg#.......
......#.########@##g......#
.##...#...........#.#..#..#
.##...#############.#.....#
.##...# #.......#.#.#...#
###...#####.#####.#.#.....#
#.........# ###.#.###...#
##'######## #.....# #...#.#
#.# #.....# #...#.# #.#
###....†###...#.#


You could see 2 gnolls.

Vanquished Creatures
  An ice beast (D:5)
  A sky beast (D:4)
  A black bear (D:5)
  An ogre (D:5)
  A centaur (D:4)
  A phantom (D:5)
  2 scorpions (D:5)
  2 orc priests (D:4)
  A gnoll bouda (D:4)
  6 gnolls
  3 adders (D:3)
  3 worms (D:2)
  4 dart slugs
  7 orcs
  4 endoplasms
  2 giant cockroaches
  9 goblins
  8 hobgoblins
  5 jackals
  4 kobolds
  5 quokkas
  4 ball pythons
  8 bats
  4 frilled lizards
  9 rats
96 creatures vanquished.

Notes
Turn   | Place    | Note
-------+----------+-------------------------------------------
     0 | D:1      | lightspider the Human Fighter began the quest for the Orb.
     0 | D:1      | Reached XP level 1. HP: 18/18 MP: 1/1
     1 | D:1      | Noticed a ghoul
     2 | D:1      | Noticed a demonspawn zombie
     4 | D:1      | Noticed a minotaur skeleton
     6 | D:1      | Noticed a dwarf
     8 | D:1      | Noticed a draconian
     9 | D:1      | Noticed a ghoul
    11 | D:1      | Noticed a minotaur skeleton
    15 | D:1      | Noticed a merfolk zombie
    17 | D:1      | Noticed a tengu
    21 | D:1      | Noticed a vampire
   209 | D:1      | Reached XP level 2. HP: 24/24 MP: 2/2
   753 | D:1      | Reached XP level 3. HP: 29/29 MP: 3/3
   756 | D:1      | Found a faded altar of an unknown god.
  1628 | D:2      | Identified the +9 mace "Qiadd" {vorpal, rF+ rC+}
  1776 | D:2      | Reached XP level 4. HP: 35/35 MP: 4/4
  2037 | D:2      | Identified a scroll of acquirement
  2037 | D:2      | Acquired a manual of Armour
  2342 | D:3      | Reached XP level 5. HP: 40/42 MP: 5/5
  2358 | D:3      | Found a sparkling altar of Nemelex Xobeh.
  2783 | D:4      | Noticed a centaur
  2783 | D:4      | Found a staircase to the Ecumenical Temple.
  2791 | D:4      | Killed a centaur
  2792 | D:4      | Reached skill level 1 in Maces & Flails
  2792 | D:4      | Reached XP level 6. HP: 29/49 MP: 6/6
  3324 | Temple   | Entered the Ecumenical Temple
  3372 | Temple   | Became a worshipper of Makhleb the Destroyer
  3451 | D:4      | Noticed a sky beast
  3665 | D:4      | Killed a sky beast
  3666 | D:4      | Reached skill level 5 in Fighting
  3666 | D:4      | Reached skill level 5 in Armour
  3666 | D:4      | Reached XP level 7. HP: 56/56 MP: 7/7
  3753 | D:4      | Found Ytaitej's Jewellery Shop.
  3864 | D:4      | Found a glowing golden altar of the Shining One.
  4241 | D:5      | Entered Level 5 of the Dungeon
  4409 | D:5      | Reached XP level 8. HP: 45/64 MP: 8/8
  4738 | D:5      | Succumbed to a gnoll's poison

Illustrated notes

Levels and vault maps discovered:
D:1:      shiori_arrival_whats_in_store_for_you, layout_basic,
          hellmonk_ecumenical_altar_heavens_door,
          amcnicky_mini_corridor_feature, chequers_serial_rivers_micro_b
D:2:      layout_loops_corners, grunt_decor_one_mirror
D:3:      layout_loops_cross, mainiacjoe_overflow_24_doors
D:4:      layout_basic, marbit_many_paths, minmay_temple_entry_grid,
          serial_shops, nicolae_shop_behind_doors
D:5:      layout_basic
Temple:   corrupted_temple

Skill      XL: |  1  2  3  4  5  6  7  8 |
---------------+-------------------------+-----
Fighting       | 4 5 6 |  6.3
Armour         | 4 5 6 |  6.2
Maces & Flails | 1 2 3 |  3.3
Shields        | 4 |  4.7
Long Blades    | |  2.7

Action                   |  1- 3 |  4- 6 |  7- 9 || total
-------------------------+-------+-------+-------++-------
Melee: Long sword        |    81 |       |       ||    81
       Great sword       |    34 |       |       ||    34
       Mace              |     2 |    87 |    41 ||   130
  Use: Scroll            |       |     9 |     2 ||    11
       Potion            |       |     1 |     1 ||     2
Armor: Scale mail        |    67 |    42 |    19 ||   128
Dodge: Dodged            |    73 |    39 |    11 ||   123
Block: Buckler           |    23 |    20 |    10 ||    53
